 Dungeon Crawl Stone Soup version 0.29-a0-369-gd956c00756 (webtiles) character file.

Game seed: 14571232485428203451

2 spaghetti the Caller (level 1, 0/10 HPs)
             Began as a Deep Elf Summoner on May 1, 2022.
             Was an Initiate of Gozag.
             Slain by a rat (3 damage)
             ... on level 1 of the Dungeon.
             The game lasted 00:00:39 (287 turns).

spaghetti the Caller (Deep Elf Summoner)             Turns: 287, Time: 00:00:40

Health: 0/10       AC:  2    Str:  5    XL:     1   Next: 33%
Magic:  4/6        EV: 12    Int: 19    God:    Gozag
Gold:   8          SH:  0    Dex: 15    Spells: 5/6 levels left

rFire   . . .      SeeInvis .   (no weapon)
rCold   . . .      Faith    .   (no shield)
rNeg    . . .      Spirit   .   a - +0 robe
rPois   .          Reflect  .   (no helmet)
rElec   .          Harm     .   (no cloak)
rCorr   .          Rampage  .   (no gloves)
Will    .....                   (no boots)
Stlth   ++........              (no amulet)
HPRegen 0.03/turn               (no ring)
MPRegen 0.10/turn               (no ring)

@: gold aura
A: no striking features
a: Renounce Religion, Potion Petition, Call Merchant, Bribe Branch


You were on level 1 of the Dungeon.
You worshipped Gozag.
Gozag was noncommittal.
You visited 1 branch of the dungeon, and saw 1 of its levels.

You collected 8 gold pieces.


   Skills:
 - Level 2.4 Dodging
 - Level 2.4 Stealth
 + Level 3.3 Spellcasting
 - Level 4.3 Summonings


You had 5 spell levels left.
You knew the following spells:

 Your Spells              Type           Power      Damage    Failure   Level
a - Summon Small Mammal   Summ           76%        N/A       2%          1

Your spell library contained the following spells:

 Spells                   Type           Power      Damage    Failure   Level
 Call Imp                 Summ           19%        N/A       3%          2
 Call Canine Familiar     Summ           19%        N/A       8%          3
 Summon Guardian Golem    Hex/Summ       11%        N/A       19%         3
 Summon Lightning Spire   Summ/Air       11%        N/A       52%         4

Inventory:

Hand Weapons
 e - a +0 mace {mace}
   (You found it on level 1 of the Dungeon)
Missiles
 d - 17 stones {throwing}
Armour
 a - a +0 robe (worn)
Jewellery
 c - a ring of ice
   (You found it on level 1 of the Dungeon)
Potions
 b - a potion of magic

Dungeon Overview and Level Annotations

Branches:
Dungeon (1/15)

Altars:
Gozag

#.## ##..##### #⌠...⌠†..
##......## #..._..##
##......#
##############..⌠....#
#...r$r##......#........
#....rr@..######..###..#
#......#### ....# .##
......... ##.## ##
.#.$....# #.# #......#
#.. ######## #.#


You could see 2 rats and 2 friendly rats.


Message History

The ball python hisses angrily.
A ball python is nearby!
A ball python is nearby!
You hit the ball python. The ball python closely misses you.
The ball python grabs you. The ball python constricts you.
You escape the ball python's grasp.
The ball python bites you. The ball python grabs you.
The ball python constricts you. 😮 HP[-3]
You take 3 damage, and now have 7/10 hp.
MASSIVE DAMAGE!! (PAUSE)
Casting: Summon Small Mammal (safe; 2% risk of failure)
Confirm with . or Enter, or press ? or * to list all spells.
The ball python misses you.
The ball python constricts you. 😮 MP[-1]
You lost 1 mp, and now have 5/6 mp.
Casting: Summon Small Mammal (safe; 2% risk of failure)
Confirm with . or Enter, or press ? or * to list all spells.
The ball python bites you. The ball python constricts you.
Your quokka barely misses the ball python. 😮 HP[-1] MP[-1]
You take 1 damage, and now have 6/10 hp.
You lost 1 mp, and now have 4/6 mp.
Unknown command.
You barely miss the ball python. The ball python bites you.
* * * LOW HITPOINT WARNING * * *
The ball python constricts you.
Your quokka bites the ball python.
The ball python dies! 😨 HP[-1]
You take 1 damage, and now have 5/10 hp.
You see here a ball python corpse. 😮 HP[+1]
There is a faded altar of an unknown god here.
You cannot tell which god this altar belongs to.
Convert to them anyway?
Gozag accepts your prayer! Gozag welcomes you!
Gozag waives the service fee.
Unknown command.
Press < or > to pray at altars.
Unknown command.
Press < or > to pray at altars.
Your quokka disappears in a puff of smoke!
Your quokka disappears in a puff of smoke!
There is a dry fountain here.
e - a +0 mace {mace} 😎 HP[+4] MP[+2]
Your hp is fully restored (10).
Your mp is fully restored (6).
A rat comes into view.
Unknown command.
Unknown command.
A kobold comes into view. It is wielding a +0 short sword.
Casting: Summon Small Mammal (safe; 2% risk of failure)
Confirm with . or Enter, or press ? or * to list all spells.
The kobold shouts!
The kobold throws a stone.
The stone hits you but does no damage. 😎 MP[-1]
You lost 1 mp, and now have 5/6 mp.
Casting: Summon Small Mammal (safe; 2% risk of failure)
Confirm with . or Enter, or press ? or * to list all spells.
The kobold throws a stone.
The stone closely misses you. 😎 MP[-1]
You lost 1 mp, and now have 4/6 mp.
A rat comes into view.
Your rat bites the kobold but does no damage.
The kobold hits you but does no damage.
Really attack while wielding nothing?
Okay, then.
Really attack while wielding nothing?
You barely miss the rat.
Your rat barely misses the kobold.
The rat barely misses you.
The kobold hits you with a +0 short sword. 😕 HP[-2]
You take 2 damage, and now have 8/10 hp.
You hit the rat but do no damage. Your rat misses the kobold.
The rat bites you.
Your rat bites the rat.
The kobold barely misses you. 😮 HP[-2]
You take 2 damage, and now have 6/10 hp.
You closely miss the rat.
Your rat closely misses the kobold.
The rat bites you.
* * * LOW HITPOINT WARNING * * *
Your rat bites the rat but does no damage.
The kobold closely misses you. 😨 HP[-2]
You take 2 damage, and now have 4/10 hp.
Unknown command.
Unknown command.
You hit the rat.
Your rat bites the kobold.
The rat bites you.
* * * LOW HITPOINT WARNING * * *
Your rat misses the rat.
The kobold hits your rat but does no damage. 😨 HP[-1]
You take 1 damage, and now have 3/10 hp.
You swap places.
The rat barely misses your rat.
Your rat bites the kobold.
The kobold dies!
The rat barely misses you.
Your rat misses the rat. You barely miss the rat.
Your rat barely misses the rat.
The rat completely misses your rat. The rat bites you.
You die...
Your body crumbles into a pile of gold.

Action                   || total
-------------------------++-------
Melee: Unarmed           ||    10
 Cast: Summon Small Mamm ||     5
Armor: Robe              ||     3
Dodge: Dodged            ||    10

Levels and vault maps discovered:
D:1:      ldierk_walled_garden_2, layout_rooms,
          hellmonk_ecumenical_altar_run_dry, minmay_tiny_reverse_x

Notes
Turn   | Place    | Note
-------+----------+-------------------------------------------
     0 | D:1      | spaghetti the Deep Elf Summoner began the quest for the
                  | Orb.
     0 | D:1      | Reached XP level 1. HP: 10/10 MP: 6/6
     0 | D:1      | magus.rc [v1.9.6]
   123 | D:1      | Found a faded altar of an unknown god.
   136 | D:1      | Prayed at the altar of an unknown god.
   136 | D:1      | Became a worshipper of Gozag Ym Sagoz the Greedy
   287 | D:1      | Slain by a rat

Vanquished Creatures (collateral kills)
  A kobold (D:1)
  2 ball pythons (D:1)
3 creatures vanquished.

Vanquished Creatures (others)
  4 toadstools (D:1)
4 creatures vanquished.

Grand Total: 7 creatures vanquished

Table legend:
 A = Non-vault XP
 B = Vault XP
 C = Vault XP percentage of total XP
 D = Non-vault monster count
 E = Vault monster count
 F = Vault count percentage of total count
                 A         B        C        D         E       F
            +---------+---------+-------+---------+---------+-------
      Total |       4 |       0 |   0.0 |       3 |       0 |   0.0
            +---------+---------+-------+---------+---------+-------
        D:1 |       4 |       0 |   0.0 |       3 |       0 |   0.0
            +---------+---------+-------+---------+---------+-------

Illustrated notes

Table legend:
 A = Kills in this place as a percentage of kills in entire the game.
 B = Kills by you in this place as a percentage of kills by you in the entire game.
 C = Kills by friends in this place as a percentage of kills by friends in the entire game.
 D = Other kills in this place as a percentage of other kills in the entire game.
 E = Experience gained in this place as a percentage of experience gained in the entire game.
 F = Experience gained in this place divided by the number of levels of this place that you have seen.
                   A       B       C       D       E      F
               +-------+-------+-------+-------+-------+----------------------
         Total | 100.0 |   N/A | 100.0 |   N/A | 100.0 |   4.0
       Dungeon | 100.0 |   N/A | 100.0 |   N/A | 100.0 |   4.0
               +-------+-------+-------+-------+-------+----------------------

Table legend: (Time is in decaauts)
 A = Elapsed time spent in this place.
 B = Non-inter-level travel time spent in this place.
 C = Inter-level travel time spent in this place.
 D = Time resting spent in this place.
 E = Time spent auto-exploring this place.
 F = Levels seen in this place.
 G = Mean time per level.
                   A        B        C        D        E       F      G
               +--------+--------+--------+--------+--------+-----+--------+
         Total |    287 |    287 |      0 |      6 |    245 |   1 |  287.0 |
       Dungeon |    287 |    287 |      0 |      6 |    245 |   1 |  287.0 |
               +--------+--------+--------+--------+--------+-----+--------+

Top non-repeatable levels by time:
     D:1: 287 daAuts
